Map: Odyssey LE

Players

SkyTroll - Winner!

  • Race: Terran Terran
  • Spawn Location: 11:00

Fred - Winner!

  • Race: Terran Terran
  • Spawn Location: 5:00

A.I. 3 (Elite)

  • Race: Zerg Zerg

VOD

Have the link to the VOD?

Description

Time

  • Played on: June 10, 2017, 10:07 p.m.
  • Length: 12:35
Show
View Real Time Build Order
Export as new Build Order

SkyTroll Terran - Winner!

Build Orders: Reaper Expand, MMM Bio 

Get SALT Encoding   

  12  0:01  SCV  
  13  0:13  SCV  
  14  0:17  Supply Depot  
  15  0:31  Refinery  
  15  0:35  SCV  
  15  0:41  Barracks  
  15  0:48  SCV  
  16  1:00  SCV  
  17  1:12  SCV  
  18  1:24  Command Center  
  18  1:27  SCV  
  19  1:35  Supply Depot  
  19  1:44  Reaper  
  20  1:50  Orbital Command  
  20  2:09  Refinery  
  20  2:16  Marine  
  20  2:18  SCV  
  22  2:24  Factory  
  22  2:31  SCV  
  22  2:36  Barracks, SCV  
  24  2:42  Barracks Tech Lab  
  24  2:43  SCV  
  25  2:48  SCV  
  26  3:02  SCV  
  26  3:03  SCV  
  28  3:08  Barracks  
  28  3:13  Factory Tech Lab  
  28  3:15  SCV, Starport  
  28  3:17  SCV  
  30  3:27  SCV  
  30  3:29  SCV, Barracks Tech Lab  
  30  3:33  Barracks  
  32  3:39  SCV  
  33  3:42  Siege Tank  
  33  3:45  Stimpack  
  36  3:50  SCV  
  36  3:51  Marauder  
  39  3:56  SCV  
  39  3:58  Supply Depot  
  39  4:01  Bunker  
  40  4:05  SCV  
  40  4:08  SCV  
  42  4:14  Barracks Tech Lab  
  42  4:15  Marauder  
  42  4:17  SCV  
  45  4:20  SCV  
  45  4:23  Barracks Reactor  
  46  4:29  SCV  
  47  4:32  SCV  
  47  4:33  Supply Depot  
  47  4:37  Marauder  
  50  4:41  SCV  
  50  4:42  Supply Depot  
  50  4:43  Concussive Shells  
  50  4:44  SCV  
  52  4:52  Medivac  
  54  4:54  Marine, SCV  
  54  4:57  SCV  
  54  4:59  Supply Depot  
  57  5:00  Supply Depot  
  57  5:03  Marine  
  57  5:04  Marauder  
  57  5:05  Marine  
  61  5:08  Supply Depot  
  61  5:13  Engineering Bay  
  61  5:14  SCV  
  61  5:17  Marine  
  61  5:18  Marauder, Refinery  
  65  5:21  Refinery  
  65  5:24  Medivac  
  65  5:27  Cyclone  
  70  5:28  SCV  
  70  5:29  SCV  
  70  5:34  Supply Depot  
  72  5:40  SCV  
  73  5:45  SCV  
  73  5:48  Command Center  
  74  5:53  SCV  
  74  5:55  Supply Depot  
  75  5:59  Orbital Command  
  75  6:03  Supply Depot  
  75  6:04  Marine  
  76  6:05  SCV  
  76  6:07  Starport Reactor  
  76  6:09  Terran Infantry Weapons Level 1  
  77  6:17  SCV  
  77  6:18  Marine x2  
  78  6:25  Marine x2  
  80  6:26  Marauder, Combat Shields  
  80  6:27  Supply Depot  
  80  6:29  SCV  
  85  6:34  Supply Depot  
  85  6:36  Marine  
  86  6:41  SCV  
  86  6:46  Marine  
  86  6:58  Marine  
  84  7:03  Marine x3  
  84  7:04  Marine  
  84  7:07  Supply Depot, SCV  
  87  7:16  Marine, SCV  
  87  7:19  SCV  
  87  7:21  Supply Depot, Medivac x2, Marine x2  
  87  7:22  Marine x2  
  98  7:26  Barracks  
  98  7:29  SCV, Planetary Fortress  
  99  7:31  SCV  
  99  7:33  Liberator  
  99  7:37  Supply Depot  
  100  7:41  Marine, SCV  
  100  7:43  SCV  
  103  7:44  Marine  
  103  7:49  Marine x3  
  110  7:52  Siege Tank  
  110  7:53  SCV  
  110  7:56  SCV  
  113  7:59  Marine  
  113  8:02  Marine  
  113  8:05  SCV  
  115  8:08  SCV  
  110  8:19  Marine x3  
  112  8:21  SCV  
  112  8:22  SCV  
  112  8:23  Supply Depot  
  112  8:24  Barracks Reactor  
  112  8:26  Terran Infantry Armor Level 1, Barracks  
  114  8:27  SCV, Unknown  
  114  8:28  Unknown  
  114  8:29  Armory  
  114  8:31  Refinery  
  114  8:32  Liberator, Refinery  
  114  8:34  SCV  
  116  8:35  SCV  
  116  8:39  SCV  
  116  8:40  Missile Turret  
  118  8:43  Command Center  
  118  8:45  Marine x2  
  120  8:49  Medivac  
  120  8:50  Supply Depot, Command Center  
  120  8:51  SCV  
  120  8:54  SCV  
  120  8:55  Factory  
  122  9:09  Marine  
  123  9:11  Marine  
  123  9:12  Marine  
  123  9:14  Marine  
  123  9:15  Marine, Liberator  
  127  9:18  Marine  
  127  9:19  Marine  
  127  9:20  Medivac  
  131  9:26  Marine  
  131  9:27  SCV  
  131  9:29  Marine  
  131  9:30  Marine  
  135  9:31  SCV  
  135  9:32  Supply Depot, SCV  
  135  9:33  Barracks Reactor  
  135  9:38  Barracks  
  140  9:39  SCV  
  140  9:40  Marine  
  142  9:46  Marine x2  
  142  9:48  Marine x2  
  142  9:49  Marine  
  142  9:51  Marine  
  148  9:58  Marine  
  149  10:00  Engineering Bay  
  149  10:01  SCV  
  149  10:02  Terran Ship Weapons Level 1  
  149  10:04  Marine x2  
  149  10:06  Marine  
  153  10:09  Marine  
  153  10:11  Marine  
  155  10:14  Unknown  
  155  10:15  Unknown  
  155  10:16  Marine x3  
  155  10:17  Marauder  
  155  10:18  Factory Tech Lab  
  160  10:22  Marine  
  160  10:23  Marauder, Orbital Command  
  163  10:35  Refinery  
  159  10:52  Unknown  
  154  11:04  Marine  
  137  11:34  Marine  
  137  11:38  Marine x2  
  137  11:39  Marine  
  138  11:40  Marine  
  138  11:41  Marine  
  138  11:43  Marine  
  138  11:44  Marine x2  
  142  11:52  Marine  
  143  11:55  Barracks Reactor  
  143  11:56  Marine x3  
  143  11:58  Marine  
  143  11:59  Marine  
Show
View Real Time Build Order
Export as new Build Order

Fred Terran - Winner!

Build Orders:  

Get SALT Encoding   

  12  0:00  Drone  
  13  0:12  Overlord  
  13  0:17  Drone  
  14  0:30  Drone  
  15  0:39  Spawning Pool  
  15  0:40  Drone  
  15  0:45  Drone  
  15  0:49  Drone  
  17  0:51  Extractor  
  17  0:55  Drone  
  17  1:06  Drone  
  18  1:16  Drone  
  19  1:27  Queen  
  19  1:28  Zergling x2  
  19  1:30  Roach Warren  
  21  1:38  Overlord  
  21  1:49  Drone  
  22  1:59  Overlord  
  22  2:10  Roach  
  24  2:21  Roach  
  26  2:30  Hatchery  
  26  2:31  Drone  
  26  2:34  Roach  
  26  2:35  Drone  
  28  2:41  Roach  
  30  2:47  Roach  
  32  2:54  Roach  
  34  3:05  Metabolic Boost, Overlord  
  34  3:09  Zergling x2  
  34  3:12  Zergling x2  
  36  3:16  Zergling x2  
  37  3:27  Zergling x2  
  38  3:37  Extractor, Zergling x2, Drone x2  
  38  3:39  Drone  
  41  3:41  Overlord  
  41  3:56  Lair  
  41  4:11  Drone  
  41  4:15  Drone  
  43  4:18  Drone  
  43  4:20  Drone  
  45  4:25  Drone  
  45  4:29  Drone  
  45  4:31  Drone  
  48  4:34  Drone  
  48  4:37  Drone  
  50  4:40  Drone  
  50  4:43  Drone  
  52  4:48  Overlord  
  52  4:50  Drone  
  53  4:53  Drone  
  53  4:55  Drone  
  53  4:57  Hydralisk Den, Drone  
  53  4:59  Drone  
  56  5:03  Drone  
  57  5:10  Drone  
  57  5:12  Infestation Pit, Drone  
  58  5:16  Overlord  
  58  5:19  Drone  
  58  5:21  Drone  
  60  5:23  Drone  
  60  5:25  Drone  
  62  5:32  Drone  
  62  5:35  Drone  
  64  5:43  Extractor, Overlord  
  64  5:44  Roach, Drone  
  64  5:46  Roach  
  68  5:52  Evolution Chamber  
  68  5:55  Drone  
  68  5:56  Drone  
  69  5:57  Evolution Chamber  
  69  6:00  Hatchery  
  67  6:05  Drone  
  67  6:07  Drone  
  69  6:12  Ravager  
  69  6:15  Hydralisk  
  69  6:16  Drone, Infestor, Roach  
  69  6:17  Overlord  
  77  6:20  Zerg Melee Weapons Level 1  
  77  6:23  Zerg Ground Armor Level 1  
  77  6:27  Hydralisk  
  77  6:28  Extractor, Hydralisk  
  80  6:38  Hydralisk  
  80  6:39  Drone  
  81  6:42  Evolution Chamber  
  72  6:47  Hydralisk, Roach, Drone  
  72  6:50  Queen, Drone x2  
  76  7:00  Drone  
  76  7:01  Drone  
  76  7:08  Overseer  
  76  7:11  Infestor, Drone  
  76  7:12  Drone  
  80  7:21  Zerg Missile Weapons Level 1  
  80  7:22  Drone x3  
  83  7:27  Ravager  
  84  7:33  Overlord, Roach, Drone  
  87  7:43  Hydralisk, Drone x2  
  91  7:54  Extractor, Drone x3  
  91  7:56  Hydralisk, Overlord  
  91  7:57  Drone  
  96  8:05  Drone x2  
  94  8:06  Zergling x2  
  80  8:13  Baneling Nest  
  80  8:15  Hydralisk, Zergling x2  
  80  8:16  Drone  
  69  8:26  Drone x2  
  69  8:27  Infestor  
  71  8:30  Extractor, Drone, Zergling x2, Roach  
  71  8:33  Overseer  
  76  8:37  Zergling x2  
  76  8:38  Roach, Drone  
  80  8:48  Drone, Roach  
  82  8:49  Roach  
  84  8:56  Baneling  
  84  8:59  Zergling x4, Drone  
  84  9:00  Hydralisk, Roach, Drone  
  84  9:01  Ravager  
  88  9:09  Zergling x2  
  77  9:10  Ravager, Zergling x2  
  77  9:11  Roach  
  73  9:17  Baneling  
  73  9:18  Baneling x3  
  73  9:20  Roach  
  73  9:21  Hydralisk, Roach  
  73  9:22  Spine Crawler  
  76  9:30  Infestor  
  77  9:32  Hydralisk, Overlord, Zergling x2, Roach  
  77  9:33  Spine Crawler, Baneling  
  77  9:34  Baneling, Drone  
  77  9:36  Spine Crawler  
  74  9:42  Roach  
  74  9:45  Zergling x2  
  54  9:53  Ravager, Roach  
  54  9:55  Zergling x2  
  54  9:57  Ravager  
  50  10:03  Infestor  
  50  10:05  Queen  
  36  10:15  Zergling x2  
  23  10:33  Baneling  
  23  10:35  Drone  
  19  10:55  Drone  
  19  11:06  Drone  
  7  11:18  Drone  
Show
View Real Time Build Order
Export as new Build Order

A.I. 3 (Elite) Zerg 

Build Orders:  

Get SALT Encoding   

Tags
 
Add a new tag
Caveats
  • Supply blocks, unpowered buildings, or Contaminate may cause inaccurate times.
  • Supply counts are checked every 10 seconds.